 Dungeon Crawl Stone Soup version 0.15.1-3-g1b33baa (webtiles) character file.

9588 Johnny the Chiller (level 11, -3/90 HPs)
             Began as a Demigod Ice Elementalist on Oct 12, 2014.
             Slain by a wolf spider simulacrum (14 damage)
             ... in an ice cave.
             The game lasted 00:34:49 (13130 turns).

Johnny the Chiller (Demigod Ice Elementalist)      Turns: 13130, Time: 00:34:50

HP  -3/90        AC  8     Str 13      XL: 11   Next:  5%
MP   0/28        EV 11     Int 23      God:
Gold 532         SH  0     Dex 18      Spells:  3 memorised, 13 levels left

rFire  + . .     SeeInvis .     w - +2 dagger (elec)
rCold  + . .     Clarity  .     f - +0 ring mail
rNeg   . . .     rCorr    .     (no shield)
rPois  .         rRot     .     M - +0 helmet
rElec  .         Spirit   +     (no cloak)
SustAb .         Warding  .     v - +0 pair of gloves
rMut   .         Stasis   .     (no boots)
Gourm  .                        R - amulet of guardian spirit
MR     +....                    L - ring of protection from fire
                                G - ring of protection from cold

@: about to teleport, somewhat resistant to hostile enchantments, fairly
stealthy
A: no striking features
a: no special abilities


You were in an ice cave.
You were very hungry.

You visited 2 branches of the dungeon, and saw 12 of its levels.
You also visited: Ice Cave.

You collected 532 gold pieces.

Inventory:

Hand weapons
 h - a +2 antimagic mace
 o - a +2 great sword of holy wrath
 w - a +2 dagger of electrocution (weapon)
 A - a +1 hand axe of flaming
 D - a +2 dagger of venom
Armour
 f - a +0 ring mail (worn)
 v - a +0 pair of gloves (worn)
 M - a +0 helmet (worn)
Magical devices
 a - a wand of lightning (1)
 e - a wand of disintegration (0)
 n - a wand of teleportation (1)
 r - a wand of fireball (0)
 y - a wand of polymorph (9)
 B - a wand of teleportation (1)
 N - a wand of confusion (6)
 O - a wand of digging (4)
Comestibles
 c - 12 bread rations
 d - 3 meat rations
 z - 2 beef jerkies
 I - 6 slices of pizza
Scrolls
 g - 7 scrolls of remove curse
 j - a scroll of teleportation
 q - 5 scrolls of amnesia
 t - a scroll of random uselessness {unknown}
 x - 2 scrolls of magic mapping {unknown}
 C - 3 scrolls of enchant weapon {unknown}
 E - a scroll of silence {unknown}
 F - 3 scrolls of fog {unknown}
 K - a scroll of enchant armour {unknown}
 S - a scroll of torment {unknown}
Jewellery
 G - a ring of protection from cold (left hand)
 H - an uncursed amulet of stasis
 J - an uncursed ring of sustain abilities
 L - a ring of protection from fire (right hand)
 R - an amulet of guardian spirit (around neck)
Potions
 i - 2 potions of restore abilities
 k - a potion of flight
 l - a potion of cancellation
 p - a potion of brilliance
 s - a potion of mutation
 u - 2 potions of berserk rage
 P - 4 potions of curing
Books
 b - a book of Frost

   Spells                             Type                      Level
   *Freeze                            Ice                          1
   Throw Frost                        Conjuration/Ice              2
   Ozocubu's Armour                   Charms/Ice                   3
   *Throw Icicle                      Conjuration/Ice              4
   *Summon Ice Beast                  Ice/Summoning                4
   Condensation Shield                Ice                          4


   Skills:
 * Level 6.3 Fighting
 + Level 4.7 Armour
 + Level 5.3 Dodging
 + Level 5.5 Stealth
 * Level 6.3 Spellcasting
 * Level 3.4 Conjurations
 * Level 6.5 Summonings
 * Level 7.3 Ice Magic


You had 13 spell levels left.
You knew the following spells:

 Your Spells              Type           Power        Failure   Level  Hunger
a - Freeze                Ice            ####         1%          1    None
b - Summon Ice Beast      Ice/Summ       #####...     8%          4    ###....
d - Throw Icicle          Conj/Ice       ####....     12%         4    ###....


Dungeon Overview and Level Annotations

Branches:
Dungeon (9/15)             Temple (0/1) D:4            Lair (3/8) D:9
    Orc: D:9-12       Swamp: Lair:3-6    Shoals: Lair:3-6     Snake: Lair:3-6
 Spider: Lair:3-6


Message History

* * * LOW HITPOINT WARNING * * *
The wolf spider simulacrum freezes you! You resist.
* * * LOW HITPOINT WARNING * * *
Your ice beast hits the death yak simulacrum but does no damage.
The wolf spider simulacrum hits your ice beast!
Your ice beast dies!
Drink which item? (? for menu, Esc to quit)
You feel better.
The wolf spider simulacrum hits you but does no damage.
The wolf spider simulacrum bites you but does no damage.
The wolf spider simulacrum barely misses you.
The wolf spider simulacrum bites you.
* * * LOW HITPOINT WARNING * * *
The wolf spider simulacrum freezes you. You resist.
* * * LOW HITPOINT WARNING * * *
Drink which item? (? for menu, Esc to quit)
You feel better. The wolf spider simulacrum hits you.
* * * LOW HITPOINT WARNING * * *
The wolf spider simulacrum freezes you! You resist.
You die...

#...#
##...
#...#
##...##
##.....##
#...∩...#
#....Z..#
##..ZZZ##
##..@##
#####


You could see a death yak simulacrum and 3 wolf spider simulacra.

Vanquished Creatures
  A hydra (Lair:3)
  Pikel (D:7)
  3 black mambas
  2 spiny frogs
  Prince Ribbit (D:8)
  A yak (Lair:1)
  A wolf (Lair:1)
  2 hippogriffs
  Edmund (D:6)
  2 porcupines
  4 water moccasins
  A slave (D:7)
  A black bear (D:6)
  4 ice beasts
  A sky beast (D:8)
  A necrophage (D:6)
  2 crocodiles (Lair:1)
  6 centaurs
  2 ogres (D:4)
  2 giant frogs
  A scorpion (D:9)
  2 electric eels (Lair:2)
  2 eyes of draining (D:4)
  A jelly (D:7)
  A goliath beetle (D:6)
  An orc priest (D:9)
  2 crimson imps
  4 hounds
  A two-headed ogre skeleton (D:9)
  3 iguanas
  3 worker ants
  2 big kobold zombies (D:8)
  3 hound skeletons
  14 adders
  2 green rats (Lair:2)
  A giant mite (D:3)
  3 worms
  An iguana zombie (D:5)
  An adder skeleton (D:5)
  4 giant geckos
  3 oozes
  11 orcs
  2 ball pythons
  4 bat skeletons (D:6)
  2 bat zombies (D:6)
  4 giant cockroaches
  8 hobgoblins
  16 jackals
  5 quokkas
  7 bats
  A giant gecko skeleton (D:4)
  4 giant newts
  15 goblins
  A goblin skeleton (D:5)
  20 kobolds
  2 orc zombies
  10 rats
206 creatures vanquished.

Vanquished Creatures (collateral kills)
  2 hydras
  Maurice (D:8)
  A spiny frog (Lair:2)
  Psyche (D:8)
  A basilisk (Lair:3)
  5 yaks
  A hungry ghost (D:7)
  A wyvern (D:8)
  A human (D:7)
  A hippogriff (Lair:1)
  4 wolves (Lair:1)
  A steam dragon (Lair:2)
  3 water moccasins
  3 porcupines
  An orc warrior (D:9)
  A phantom (D:9)
  5 ogres
  A sky beast (D:6)
  3 ice beasts
  3 crocodiles
  A big kobold (D:9)
  Blork the orc (D:9)
  4 giant frogs
  A scorpion (D:5)
  5 killer bees (D:7)
  A crimson imp (Lair:2)
  A hound (D:6)
  A goliath beetle (D:7)
  3 jellies
  3 orc priests
  3 orc wizards (D:9)
  3 iguanas
  3 sheep (D:7)
  Ijyb (D:7)
  5 green rats (Lair:2)
  2 adders
  9 orcs (D:9)
  A quokka (D:6)
  2 bats (D:6)
  A giant gecko (D:9)
  A hobgoblin zombie (D:8)
  7 jackals
  5 kobolds (D:9)
104 creatures vanquished.

Vanquished Creatures (others)
  2 slaves (D:7)
  26 ice beasts
  A giant spore (D:8)
  A rat (D:7)
30 creatures vanquished.

Grand Total: 340 creatures vanquished

Notes
Turn   | Place    | Note
--------------------------------------------------------------
     0 | D:1      | Johnny, the Demigod Ice Elementalist, began the quest for the Orb.
     0 | D:1      | Reached XP level 1. HP: 14/14 MP: 3/3
   319 | D:1      | Reached XP level 2. HP: 15/20 MP: 2/4
   527 | D:1      | Reached skill level 3 in Ice Magic
   687 | D:2      | Reached XP level 3. HP: 17/27 MP: 0/7
   792 | D:2      | Reached skill level 1 in Armour
  1118 | D:2      | Reached skill level 1 in Fighting
  1349 | D:2      | Reached XP level 4. HP: 11/35 MP: 7/10
  1546 | D:2      | Learned a level 4 spell: Summon Ice Beast
  2720 | D:4      | Reached XP level 5. HP: 37/40 MP: 12/12
  3074 | D:4      | Noticed an ogre
  3080 | D:4      | Killed an ogre
  3080 | D:4      | Reached skill level 1 in Summonings
  3270 | D:4      | Found a bloodstained altar of Trog.
  3290 | D:4      | Reached XP level 6. HP: 48/48 MP: 0/15
  3414 | D:4      | Found a staircase to the Ecumenical Temple.
  3746 | D:4      | Reached skill level 4 in Ice Magic
  3936 | D:5      | Entered Level 5 of the Dungeon
  4266 | D:5      | Found a white marble altar of Elyvilon.
  4765 | D:5      | Reached XP level 7. HP: 20/56 MP: 14/18
  4942 | D:6      | Noticed Edmund
  4951 | D:6      | Killed Edmund
  5026 | D:6      | Found an ancient bone altar of Kikubaaqudgha.
  6427 | D:6      | Reached XP level 8. HP: 36/63 MP: 11/20
  6691 | D:7      | HP: 4/94 [poisoned by a water moccasin]
  6699 | D:7      | HP: 2/63 [poisoned by a water moccasin]
  6707 | D:7      | HP: 1/63 [poisoned by a water moccasin]
  7001 | D:7      | Reached skill level 5 in Ice Magic
  7027 | D:7      | Noticed Pikel
  7033 | D:7      | Killed Pikel
  7403 | D:7      | Reached XP level 9. HP: 44/72 MP: 5/23
  7544 | D:7      | Noticed Ijyb
  7551 | D:7      | Killed Ijyb
  7928 | D:8      | Noticed Maurice
  7938 | D:8      | Killed Maurice
  8114 | D:8      | Reached skill level 6 in Ice Magic
  8389 | D:8      | Found a glowing golden altar of the Shining One.
  8392 | D:8      | Found a shattered altar of Ashenzari.
  8470 | D:8      | Noticed Prince Ribbit
  8471 | D:8      | Noticed Psyche
  8474 | D:8      | Killed Psyche
  8474 | D:8      | Reached skill level 5 in Spellcasting
  8485 | D:8      | Killed Prince Ribbit
  8485 | D:8      | Reached skill level 5 in Fighting
  8485 | D:8      | Reached skill level 5 in Summonings
  9055 | D:9      | Noticed Blork the orc
  9063 | D:9      | Killed Blork the orc
  9244 | D:9      | Found a blossoming altar of Fedhas.
  9400 | D:9      | Found a staircase to the Lair.
  9751 | Lair:1   | Entered Level 1 of the Lair of Beasts
  9751 | Lair:1   | Noticed a black mamba
  9761 | Lair:1   | Killed a black mamba
  9761 | Lair:1   | Reached skill level 5 in Stealth
  9915 | Lair:1   | Reached XP level 10. HP: 48/81 MP: 18/25
  9930 | Lair:1   | Learned a level 4 spell: Throw Icicle
  9957 | Lair:1   | Noticed a five-headed hydra
  9966 | Lair:1   | Killed a five-headed hydra
  9966 | Lair:1   | Reached skill level 1 in Conjurations
 10309 | Lair:1   | Reached skill level 5 in Dodging
 10576 | Lair:1   | Noticed a black mamba
 10745 | Lair:1   | Noticed a spiny frog
 10753 | Lair:1   | Killed a black mamba
 10759 | Lair:1   | Killed a spiny frog
 11708 | Lair:2   | Reached skill level 7 in Ice Magic
 12172 | Lair:2   | Noticed a five-headed hydra
 12187 | Lair:2   | Killed a five-headed hydra
 12953 | Lair:3   | Noticed an eight-headed hydra
 12965 | Lair:3   | Killed an eight-headed hydra
 12965 | Lair:3   | Reached XP level 11. HP: 69/89 MP: 2/27
 13099 | Lair:3   | Found a frozen archway.
 13120 | IceCv    | Entered an ice cave
 13128 | IceCv    | HP: 1/90 [wolf spider simulacrum (11)]
 13130 | IceCv    | Slain by a wolf spider simulacrum

Action                   |  1- 3 |  4- 6 |  7- 9 | 10-12 || total
-------------------------+-------+-------+-------+-------++-------
Melee: Club              |     4 |       |       |       ||     4
       Unarmed           |     1 |       |       |       ||     1
       Spear             |    56 |    48 |       |       ||   104
       Great sword       |       |    68 |   132 |       ||   200
       Dagger            |       |    69 |   134 |    99 ||   302
 Cast: Freeze            |    54 |    56 |    64 |    36 ||   210
       Summon Ice Beast  |       |     1 |    63 |    58 ||   122
       Throw Icicle      |       |       |       |     9 ||     9
Evoke: Wand              |       |       |    11 |    13 ||    24
  Use: Scroll            |       |     2 |    14 |     5 ||    21
       Potion            |       |     1 |     8 |     4 ||    13
 Stab: Sleeping          |     3 |     6 |     5 |       ||    14
       Distracted        |       |       |     3 |     3 ||     6
  Eat: Chunk             |     2 |     9 |    27 |    12 ||    50
       Pizza             |       |     1 |       |     1 ||     2
       Fruit             |       |       |     2 |     2 ||     4
       Beef jerky        |       |       |       |     2 ||     2
